[Event "2026 Biel Blitz Open"]
[Site "Biel, CH"]
[Date "2026.07.19"]
[Round "3"]
[White "Haimovich, Tal"]
[Black "Hirt, Markus"]
[Result "1-0"]
[Board "23"]
[TimeControl "180+2"]
[WhiteFideId "2801698"]
[BlackFideId "1302582"]
[WhiteElo "2347"]
[BlackElo "1880"]
[WhiteTitle "IM"]
[WhiteClock "0:01:17"]
[BlackClock "0:00:29"]
[Variant "Standard"]
[EndDate "2026.07.19"]
[EndTime "12:35:37"]

1. Nf3 e6 2. b3 d5 3. Bb2 Nf6 4. e3 Be7 5. c4 O-O 6. Be2 c5 7. O-O Nc6 8. d4 b6 9. cxd5 Nxd5 10. Nbd2 Bb7 11. dxc5 bxc5 12. Rc1 Rc8 13. a3 Qd7 14. Qc2 Rfd8 15. Rfd1 Bf8 16. Ne4 Nb8 17. Neg5 g6 18. e4 Nf4 19. Rxd7 Rxd7 20. Bc4 Rcd8 21. h4 h6 22. Qc3 Rd4 23. Nxd4 cxd4 24. Qf3 hxg5 25. hxg5 e5 26. g3 Ne6 27. Bxe6 fxe6 28. Rc7 Rd7 29. Rxd7 Nxd7 30. Qg4 Kf7 31. Qe2 Be7 32. Qb5 Bc8 33. Qc6 Nb6 34. a4 Bd7 35. Qc7 d3 36. Bc3 Bxg5 37. a5 d2 38. Bxd2 Bxd2 39. axb6 axb6 40. Qxd7+ 1-0

[Event "2026 Biel Blitz Open"]
[Site "Biel, CH"]
[Date "2026.07.19"]
[Round "3"]
[White "Draude, Theo"]
[Black "Schweizer, Simon"]
[Result "0-1"]
[Board "25"]
[TimeControl "180+2"]
[WhiteFideId "34623809"]
[BlackFideId "1325361"]
[WhiteElo "1861"]
[BlackElo "2182"]
[WhiteClock "0:00:05"]
[BlackClock "0:01:09"]
[Variant "Standard"]
[EndDate "2026.07.19"]
[EndTime "12:27:59"]

1. e4 g6 2. d4 Bg7 3. Bc4 d6 4. Nc3 a6 5. Be3 b5 6. Bb3 Bb7 7. a3 e6 8. f3 h5 9. Nge2 Nd7 10. Qd2 Rc8 11. Nf4 Qe7 12. Bxe6 fxe6 13. Nxg6 Qf7 14. Nxh8 Bxh8 15. O-O-O Nb6 16. Bg5 Nc4 17. Qf4 Ne7 18. Rhe1 Qg7 19. h4 Ng6 20. Qh2 c5 21. dxc5 Rxc5 22. Qh3 Qf7 23. Rd3 Nge5 24. Red1 Nxd3+ 25. Rxd3 Rc6 26. Qg3 Be5 27. Qf2 Nxa3 28. bxa3 Bxc3 29. f4 e5 30. Qa7 Qc7 31. Rd5 Ba5 32. Qf2 Rc4 33. fxe5 Bxd5 34. exd5 Qf7 35. Qe2 dxe5 36. Qxe5+ Kd7 37. Be3 Qf1+ 38. Kb2 Bc3+ 0-1

[Event "2026 Biel Blitz Open"]
[Site "Biel, CH"]
[Date "2026.07.19"]
[Round "3"]
[White "Liu, Bei"]
[Black "Gautschi, Rudolf"]
[Result "0-1"]
[Board "26"]
[TimeControl "180+2"]
[WhiteFideId "8603596"]
[BlackFideId "1318489"]
[WhiteElo "2170"]
[BlackElo "1857"]
[WhiteClock "0:00:03"]
[BlackClock "0:00:48"]
[Variant "Standard"]
[EndDate "2026.07.19"]
[EndTime "12:37:35"]

1. e4 c5 2. Nf3 d6 3. d4 cxd4 4. Nxd4 Nf6 5. Nc3 a6 6. h3 e6 7. g4 Qc7 8. Be3 Nc6 9. g5 Nd7 10. Bg2 Nde5 11. Qe2 Be7 12. f4 Nd7 13. O-O-O Rb8 14. h4 b5 15. f5 Nxd4 16. Bxd4 Ne5 17. Rhf1 Bb7 18. Bh3 Bc8 19. fxe6 Bxe6 20. Bxe6 fxe6 21. Bxe5 dxe5 22. Qf3 Rf8 23. Qh5+ g6 24. Qg4 Qc4 25. Rxf8+ Bxf8 26. Kb1 Rc8 27. Qg2 b4 28. Na4 Rd8 29. Rxd8+ Kxd8 30. b3 Qc6 31. Nb2 Bc5 32. Nc4 Bd4 33. Qf3 Qe8 34. a3 a5 35. Ka2 bxa3 36. Nxa3 a4 37. Nc4 axb3+ 38. Qxb3 Qc6 39. Qb8+ Ke7 40. Qb4+ Ke8 41. Qb3 Qa6+ 42. Na3 Bc5 43. Qb5+ Qxb5 44. Nxb5 Kd7 45. Kb3 Kc6 46. Na3 Bf2 47. Nc4 Bxh4 48. Nxe5+ Kd6 49. Nf3 Bg3 50. c4 Kc5 51. Kc3 Bf4 52. Kd3 h6 53. gxh6 Bxh6 54. Ne5 g5 55. Nf7 Bg7 56. Nxg5 Bf6 57. Nxe6+ Kd6 58. Nf4 Bg5 59. Nd5 Kc5 60. Nc7 Kc6 61. Ne6 Bf6 62. Nd4+ Kc5 63. Nb3+ Kc6 64. Ke3 Be5 65. Kf3 Kd6 66. Kg4 Ke6 67. Nc5+ Kf7 68. Kf5 Bd4 69. Nb7 Bb6 70. c5 Bc7 71. Nd6+ Ke7 72. Nb5 Bb8 73. c6 Kd8 74. c7+ Bxc7 75. Nxc7 Kxc7 76. Ke6 Kd8 77. e5 Ke8 78. Kd6 Kd8 79. e6 Ke8 80. e7 Kf7 81. Kd7 Kf6 82. e8=Q 0-1

[Event "2026 Biel Blitz Open"]
[Site "Biel, CH"]
[Date "2026.07.19"]
[Round "3"]
[White "Strebel, Beda"]
[Black "Gireada, Daniel"]
[Result "0-1"]
[Board "27"]
[TimeControl "180+2"]
[WhiteFideId "1366432"]
[BlackFideId "1206451"]
[WhiteElo "1856"]
[BlackElo "2148"]
[WhiteClock "0:00:03"]
[BlackClock "0:01:12"]
[Variant "Standard"]
[EndDate "2026.07.19"]
[EndTime "12:36:38"]

1. e4 c6 2. d4 d5 3. exd5 cxd5 4. Bd3 Nc6 5. c3 Nf6 6. h3 e5 7. dxe5 Nxe5 8. Nf3 Nc6 9. O-O Be7 10. Bf4 O-O 11. Re1 Bd6 12. Bg5 h6 13. Be3 Ne4 14. Nbd2 Bf5 15. Nd4 Nxf2 16. Bxf2 Bxd3 17. N2f3 Bg6 18. Qb3 Na5 19. Qd1 Rc8 20. Ne5 Bxe5 21. Rxe5 Nc4 22. Re2 Re8 23. Rxe8+ Qxe8 24. Qb3 b6 25. Re1 Qd7 26. Nf3 Be4 27. Nd4 Re8 28. Rd1 Qe7 29. Nb5 Qg5 30. g4 h5 0-1

[Event "2026 Biel Blitz Open"]
[Site "Biel, CH"]
[Date "2026.07.19"]
[Round "3"]
[White "Ragavan, Samarth Rajesh"]
[Black "Freuler, Roman"]
[Result "1-0"]
[Board "28"]
[TimeControl "180+2"]
[WhiteFideId "39918106"]
[BlackFideId "1304283"]
[WhiteElo "2101"]
[BlackElo "1852"]
[WhiteClock "0:01:52"]
[BlackClock "0:00:16"]
[Variant "Standard"]
[EndDate "2026.07.19"]
[EndTime "12:36:30"]

1. d4 Nf6 2. c4 c5 3. d5 b5 4. cxb5 a6 5. bxa6 Bxa6 6. Nc3 g6 7. g3 Bg7 8. Bg2 d6 9. Nf3 O-O 10. O-O Nbd7 11. Re1 Qa5 12. Bd2 Rfb8 13. Qc1 Bb7 14. e4 Ng4 15. h3 Nge5 16. Nxe5 Nxe5 17. Qc2 Ba6 18. Ne2 Qb6 19. Bc3 Nd3 20. Reb1 c4 21. Nf4 Nxf4 22. gxf4 Bd4 23. Bxd4 Qxd4 24. Qc3 Qc5 25. e5 Rb6 26. exd6 exd6 27. Re1 Rab8 28. Re2 Bb7 29. Rae1 Rf8 30. Re8 1-0

[Event "2026 Biel Blitz Open"]
[Site "Biel, CH"]
[Date "2026.07.19"]
[Round "3"]
[White "Sharku, Burim"]
[Black "Stefan, Romulus-Cristian"]
[Result "0-1"]
[Board "30"]
[TimeControl "180+2"]
[WhiteFideId "551075466"]
[BlackFideId "1232835"]
[WhiteElo "1843"]
[BlackElo "2048"]
[BlackTitle "CM"]
[WhiteClock "0:02:00"]
[BlackClock "0:00:27"]
[Variant "Standard"]
[EndDate "2026.07.19"]
[EndTime "12:27:08"]

1. Nf3 d5 2. g3 Nf6 3. Bg2 c6 4. O-O Bg4 5. b3 Nbd7 6. Bb2 e6 7. d3 Bd6 8. Nbd2 O-O 9. e4 e5 10. h3 Bh5 11. c4 Nc5 12. d4 dxe4 13. dxc5 exf3 14. Bxf3 Bxf3 15. Nxf3 Bxc5 16. Nxe5 Qc7 17. Qf3 Rad8 18. Rad1 Rfe8 19. Rxd8 Rxd8 20. Nd3 Bd4 21. Bc1 Qd7 22. Bg5 Qxh3 23. Nf4 Qf5 24. Rd1 Qxg5 25. c5 Qg4 26. Kg2 g5 27. Ne2 Qxf3+ 28. Kxf3 g4+ 29. Kg2 Ne4 30. Nxd4 Nxc5 31. f4 Ne6 32. Nxe6 Rxd1 33. Ng5 Rd2+ 34. Kf1 Rxa2 35. Ne4 Kg7 36. Nc5 b6 37. Ne4 Rb2 38. Ng5 Rxb3 39. Kf2 Rb4 40. Ke2 h6 41. Nxf7 Kxf7 42. f5 Kf6 43. Kf2 Kxf5 44. Kg2 Rb2+ 45. Kf1 Ke4 46. Ke1 Kd3 47. Kd1 Rb1# 0-1

[Event "2026 Biel Blitz Open"]
[Site "Biel, CH"]
[Date "2026.07.19"]
[Round "3"]
[White "Bajraktari, Perparim"]
[Black "Berezovskii, Arina"]
[Result "1-0"]
[Board "31"]
[TimeControl "180+2"]
[WhiteFideId "1307711"]
[BlackFideId "34449850"]
[WhiteElo "2045"]
[BlackElo "1851"]
[BlackTitle "WCM"]
[WhiteClock "0:00:03"]
[BlackClock "0:00:35"]
[Variant "Standard"]
[EndDate "2026.07.19"]
[EndTime "12:36:43"]

1. c4 e6 2. b3 d5 3. Bb2 Nf6 4. g3 c6 5. Bg2 Bd6 6. Nf3 O-O 7. d3 Re8 8. Nbd2 Nbd7 9. e4 dxe4 10. dxe4 Qc7 11. O-O Ne5 12. Qe2 c5 13. Rad1 b6 14. Nb1 Nxf3+ 15. Bxf3 Be5 16. Nc3 Bb7 17. Nb5 Qb8 18. Bg2 Bxb2 19. Qxb2 Rd8 20. e5 Bxg2 21. Kxg2 Ng4 22. Rxd8+ Qxd8 23. h3 Nh6 24. Qe2 Qe7 25. Rd1 Rd8 26. Rd6 a6 27. Qd3 Rxd6 28. exd6 Qd7 29. Qe4 f6 30. Qa8+ Kf7 31. Qxa6 Qc6+ 32. Kg1 Qe4 33. Qxb6 Qe1+ 34. Kg2 Qe4+ 35. Kf1 Qh1+ 36. Ke2 Qe4+ 37. Kd2 Qb1 38. Qxc5 Qxa2+ 39. Kc3 Qa1+ 40. Kb4 Qe1+ 41. Nc3 Qd2 42. Qc7+ Kg6 43. d7 Nf5 44. d8=Q Nd4 45. Qxd4 Qxd4 46. Qf4 Qb6+ 47. Nb5 Qd8 48. Qd6 Qc8 49. c5 Qa8 50. c6 Qa1 51. Qd3+ Kf7 52. c7 Qe1+ 53. Qc3 Qe4+ 54. Qc4 Qe1+ 55. Nc3 Qe5 56. c8=Q Qd6+ 57. Q8c5 Qb8+ 58. Nb5 Kg6 59. Qg4+ Kf7 60. Qc7+ 1-0

[Event "2026 Biel Blitz Open"]
[Site "Biel, CH"]
[Date "2026.07.19"]
[Round "3"]
[White "Huang,Hsuan-Chen"]
[Black "Nguyen Thi Mai Hung"]
[Result "1-0"]
[Board "32"]
[TimeControl "180+2"]
[WhiteFideId "16303121"]
[BlackFideId "12401676"]
[WhiteElo "1833"]
[BlackElo "2039"]
[BlackTitle "WGM"]
[WhiteClock "0:00:31"]
[BlackClock "0:00:16"]
[Variant "Standard"]
[EndDate "2026.07.19"]
[EndTime "12:29:24"]

1. d4 d5 2. Nf3 Nf6 3. e3 c6 4. Nbd2 Bf5 5. h3 e6 6. g4 Bg6 7. Ne5 Nfd7 8. Nxg6 hxg6 9. Nf3 Bd6 10. Bd3 Qc7 11. Qe2 Nf6 12. e4 dxe4 13. Bxe4 Nxe4 14. Qxe4 Nd7 15. Qe2 Nf6 16. Ne5 O-O-O 17. Bg5 Rdf8 18. O-O-O Nd5 19. Bd2 c5 20. Nf3 Kb8 21. Kb1 Rc8 22. c4 Nb6 23. dxc5 Qxc5 24. Be3 Qxc4 25. Qxc4 Nxc4 26. Rxd6 Nxd6 27. Bf4 Rcd8 28. Rd1 Kc7 29. Ne5 Kc8 30. Rc1+ Kb8 31. Nxf7 Ka8 32. Nxh8 Ne4 33. Nxg6 Nxf2 34. h4 a6 35. Be3 Nxg4 36. Bb6 Re8 37. Rc7 e5 38. Re7 Rxe7 39. Nxe7 e4 40. Nf5 g6 41. Ne3 Ne5 42. Bd8 Kb8 43. Bg5 Kc8 44. Kc2 Kd7 45. Kc3 Nf3 46. Nc4 Kc6 47. Nd2 Kd5 48. Nxf3 exf3 49. Kd3 a5 50. Ke3 Kc4 51. Bf6 a4 52. Kxf3 Kd3 53. Kg4 Kc2 54. a3 1-0

[Event "2026 Biel Blitz Open"]
[Site "Biel, CH"]
[Date "2026.07.19"]
[Round "3"]
[White "Marinkovic, Zoran"]
[Black "Kutonov, Yehor"]
[Result "1/2-1/2"]
[Board "33"]
[TimeControl "180+2"]
[WhiteFideId "1346083"]
[BlackFideId "1364804"]
[WhiteElo "2037"]
[BlackElo "1805"]
[WhiteClock "0:00:19"]
[BlackClock "0:00:22"]
[Variant "Standard"]
[EndDate "2026.07.19"]
[EndTime "12:27:56"]

1. e4 c5 2. Nf3 d6 3. d4 cxd4 4. Nxd4 Nf6 5. Nc3 g6 6. Be3 Nc6 7. f3 h5 8. Qd2 Nxd4 9. Bxd4 Bh6 10. Be3 Bxe3 11. Qxe3 Be6 12. Bd3 Qa5 13. O-O Rc8 14. a3 Qc5 15. Qxc5 Rxc5 16. Ne2 a6 17. Nd4 Kf8 18. f4 Bc4 19. Rf2 Kg7 20. f5 Ng4 21. Rf3 Ne5 22. Rg3 h4 23. Re3 g5 24. Rae1 Kf6 25. b3 Bxd3 26. cxd3 Rc3 27. Rd1 Rhc8 28. a4 Ng4 29. Ree1 Ne5 30. Re3 Ng4 31. Ree1 Ne5 32. Re3 1/2-1/2

[Event "2026 Biel Blitz Open"]
[Site "Biel, CH"]
[Date "2026.07.19"]
[Round "3"]
[White "Hirzel, Robin"]
[Black "Jelicic, Hugo"]
[Result "1/2-1/2"]
[Board "34"]
[TimeControl "180+2"]
[WhiteFideId "1342320"]
[BlackFideId "1349040"]
[WhiteElo "2022"]
[BlackElo "1804"]
[WhiteClock "0:00:20"]
[BlackClock "0:00:13"]
[Variant "Standard"]
[EndDate "2026.07.19"]
[EndTime "12:35:49"]

1. Nf3 d5 2. e3 Nf6 3. c4 e6 4. Nc3 c5 5. cxd5 exd5 6. d4 Nc6 7. b3 cxd4 8. Nxd4 Bb4 9. Bd2 O-O 10. Nc2 Ba5 11. Bb5 Bg4 12. Be2 Bxe2 13. Nxe2 Bxd2+ 14. Qxd2 Ne4 15. Qd1 Qa5+ 16. Kf1 Rad8 17. Ncd4 Nxd4 18. Nxd4 Rd6 19. Qe1 Qd8 20. Rc1 Qd7 21. f3 Rf6 22. Qe2 Rc8 23. Qd1 Rc7 24. Rxc7 Qxc7 25. Qc2 Qxc2 26. Nxc2 Nc3 27. Kf2 Ra6 28. Nb4 Ra5 29. Rc1 Rc5 30. Nxd5 Rxd5 31. Rxc3 g6 32. Ke2 Kg7 33. Rc7 Rb5 34. h4 h5 35. g3 1/2-1/2

[Event "2026 Biel Blitz Open"]
[Site "Biel, CH"]
[Date "2026.07.19"]
[Round "3"]
[White "Delesenne, Arthur"]
[Black "Mikavica, Mirko"]
[Result "1/2-1/2"]
[Board "35"]
[TimeControl "180+2"]
[WhiteFideId "276979"]
[BlackFideId "908657"]
[WhiteElo "1789"]
[BlackElo "2015"]
[WhiteClock "0:00:03"]
[BlackClock "0:00:08"]
[Variant "Standard"]
[EndDate "2026.07.19"]
[EndTime "12:37:30"]

1. d4 d5 2. c4 e6 3. Nf3 a6 4. cxd5 exd5 5. Nc3 Nf6 6. Bg5 Be7 7. e3 b5 8. Bd3 Bb7 9. O-O Nbd7 10. Rc1 O-O 11. a3 Nb6 12. Ne5 Nc4 13. Qc2 h6 14. Bxf6 Bxf6 15. Nf3 Qd6 16. Nb1 Rac8 17. b4 c6 18. Nfd2 a5 19. bxa5 Nxa5 20. Nb3 Nc4 21. Bxc4 bxc4 22. Nc5 Rb8 23. Qf5 Bc8 24. Qf3 Re8 25. Nc3 g6 26. a4 h5 27. h3 Kg7 28. a5 Ra8 29. Ra1 Re7 30. Rfb1 Rea7 31. a6 Bxa6 32. Nxa6 Rxa6 33. Rxa6 Rxa6 34. g3 Qc7 35. Kg2 Ra3 36. Ne2 c3 37. Rc1 Qa5 38. Rc2 Qb4 39. e4 Qb3 40. Qd3 dxe4 41. Qxe4 c5 42. d5 Ra2 43. Rxa2 1/2-1/2

[Event "2026 Biel Blitz Open"]
[Site "Biel, CH"]
[Date "2026.07.19"]
[Round "3"]
[White "El-Mais, Ibaa"]
[Black "Zumbrunn, Simon"]
[Result "1-0"]
[Board "36"]
[TimeControl "180+2"]
[WhiteFideId "1312715"]
[BlackFideId "1364146"]
[WhiteElo "2012"]
[BlackElo "1802"]
[WhiteClock "0:00:24"]
[BlackClock "0:00:16"]
[Variant "Standard"]
[EndDate "2026.07.19"]
[EndTime "12:36:27"]

1. d4 Nf6 2. Nf3 c5 3. e3 cxd4 4. exd4 g6 5. c3 Bg7 6. Bd3 d6 7. O-O Nc6 8. Re1 O-O 9. h3 a6 10. a4 b6 11. Bf4 Bb7 12. Nbd2 Nd5 13. Bg5 Qd7 14. Bc4 Nf6 15. Qe2 e6 16. Rad1 h6 17. Bh4 Nh5 18. Qe3 Ne7 19. g4 g5 20. Bxg5 hxg5 21. gxh5 Bh6 1-0

[Event "2026 Biel Blitz Open"]
[Site "Biel, CH"]
[Date "2026.07.19"]
[Round "3"]
[White "Schweizer, Samuel"]
[Black "Hajduk, Tomasz"]
[Result "1-0"]
[Board "38"]
[TimeControl "180+2"]
[WhiteFideId "1325353"]
[BlackFideId "21811415"]
[WhiteElo "2006"]
[BlackElo "1791"]
[WhiteClock "0:00:43"]
[BlackClock "0:00:47"]
[Variant "Standard"]
[EndDate "2026.07.19"]
[EndTime "12:36:14"]

1. e4 c5 2. Nf3 d6 3. d4 cxd4 4. Nxd4 Nf6 5. Nc3 a6 6. h3 e5 7. Nde2 Be6 8. g4 Be7 9. Bg2 Nc6 10. Be3 O-O 11. O-O Rc8 12. Qd2 b5 13. Nd5 Bxd5 14. exd5 Na5 15. b3 Nb7 16. Ng3 Qc7 17. Nf5 Rfe8 18. Nxe7+ Rxe7 19. Rfc1 Nc5 20. c4 b4 21. Rc2 a5 22. Re1 Nfe4 23. Qc1 Nd3 24. Qd1 Nxe1 25. Qxe1 Nc3 26. a4 e4 27. Bd4 Nxd5 28. Re2 Nf4 29. Bf1 Nxe2+ 30. Qxe2 Rce8 31. Qe3 Re6 32. Bb6 Qd7 33. Bxa5 f5 34. c5 dxc5 35. Qxc5 Re5 36. Qxb4 fxg4 37. Qc4+ Kh8 38. Bc3 Rg5 39. h4 Rh5 40. Qd4 Qxd4 41. Bxd4 Rxh4 42. a5 Rh5 43. a6 Ra5 44. b4 Ra4 45. Bc5 Ra8 46. b5 h5 47. b6 R8xa6 48. b7 Ra8 49. bxa8=Q+ Rxa8 50. Bd4 Kh7 51. Bg2 Re8 52. Kh2 g5 53. Kg3 Kg6 54. Bf1 Rd8 55. Be3 Rd3 56. Bg2 Kf5 57. Bf1 h4+ 58. Kg2 h3+ 59. Kg3 Ra3 60. Bb5 Ra1 61. Bd7+ Kg6 62. Bxg4 Rg1+ 63. Kxh3 Ra1 64. Kg3 Ra3 65. Be6 Kf6 66. Bd5 Ra4 67. Bc1 Rb4 68. Be3 Ke5 69. Bf7 Kf6 70. Bh5 Rb3 71. Bd1 Rb1 72. Bc2 Rg1+ 73. Kh2 Ra1 74. Bd4+ Kf5 75. Bxa1 1-0

[Event "2026 Biel Blitz Open"]
[Site "Biel, CH"]
[Date "2026.07.19"]
[Round "3"]
[White "Schaefer, Gion"]
[Black "Dietiker, Manuel"]
[Result "0-1"]
[Board "39"]
[TimeControl "180+2"]
[WhiteFideId "1362097"]
[BlackFideId "1317377"]
[WhiteElo "1763"]
[BlackElo "2002"]
[WhiteClock "0:02:07"]
[BlackClock "0:01:49"]
[Variant "Standard"]
[EndDate "2026.07.19"]
[EndTime "12:23:34"]

1. e4 c5 2. Nf3 e6 3. d4 cxd4 4. Nxd4 Nc6 5. Nc3 Qc7 6. Ndb5 Qb8 7. g3 a6 8. Bf4 e5 9. Be3 axb5 10. Nxb5 Nf6 11. Bb6 Be7 12. Nc7+ Kf8 13. Nb5 Ra6 14. Bc7 Qa8 15. Bd6 Nxe4 16. Bxe7+ Nxe7 17. Nc7 Qa7 18. Nxa6 Qxf2# 0-1

[Event "2026 Biel Blitz Open"]
[Site "Biel, CH"]
[Date "2026.07.19"]
[Round "3"]
[White "Pinelli, Gian"]
[Black "Altenburger, Rene"]
[Result "1/2-1/2"]
[Board "41"]
[TimeControl "180+2"]
[WhiteFideId "1348710"]
[BlackFideId "1305581"]
[WhiteElo "1751"]
[BlackElo "1990"]
[WhiteClock "0:00:37"]
[BlackClock "0:00:29"]
[Variant "Standard"]
[EndDate "2026.07.19"]
[EndTime "12:28:58"]

1. d4 Nf6 2. c4 g6 3. Nc3 d5 4. cxd5 Nxd5 5. e4 Nxc3 6. bxc3 Bg7 7. Be3 c5 8. Qd2 Nc6 9. Nf3 cxd4 10. cxd4 O-O 11. Rc1 Qa5 12. Qxa5 Nxa5 13. d5 Bg4 14. Be2 Bxf3 15. gxf3 Rac8 16. O-O Bb2 17. Rb1 Bc3 18. Rfc1 b6 19. Ba6 Rc7 20. Bd2 Be5 21. Rxc7 Bxc7 22. Rc1 Bd6 23. Bxa5 bxa5 24. Rb1 Rb8 25. Rxb8+ Bxb8 26. h3 Kg7 27. Kf1 Kf6 28. Ke2 Ke5 29. Ke3 Kd6 30. Kd4 Bc7 31. e5+ Kd7 32. Bb5+ Kd8 33. Bc6 Bb6+ 34. Kc4 Bxf2 35. Kb5 Bd4 36. e6 fxe6 37. dxe6 Kc7 38. Bd7 Kd6 39. Kc4 Ke5 40. Kd3 Bb6 41. Ke2 g5 42. Kf1 h5 43. Kg2 h4 44. Bc8 Kd4 45. Bd7 Bc7 46. a4 Bg3 47. Bb5 Ke5 48. Bd7 Kd6 49. Bc8 Bf4 50. Bd7 Kc7 51. Bb5 Kd6 52. Bd7 a6 53. Bc8 Ke5 54. Bd7 Bg3 55. Bc8 Kd6 56. Bd7 Kc5 57. Be8 Kb4 58. Bd7 1/2-1/2

[Event "2026 Biel Blitz Open"]
[Site "Biel, CH"]
[Date "2026.07.19"]
[Round "3"]
[White "Mikavica, Dragoljub"]
[Black "Tcheau, Alain"]
[Result "0-1"]
[Board "42"]
[TimeControl "180+2"]
[WhiteFideId "1308726"]
[BlackFideId "1306014"]
[WhiteElo "1983"]
[BlackElo "1777"]
[WhiteClock "0:00:04"]
[BlackClock "0:00:37"]
[Variant "Standard"]
[EndDate "2026.07.19"]
[EndTime "12:28:47"]

1. e4 c6 2. Nf3 d5 3. e5 Bf5 4. c3 h6 5. d4 e6 6. Bd3 Bxd3 7. Qxd3 Ne7 8. Nbd2 Ng6 9. Nf1 Be7 10. Ng3 Nd7 11. Be3 O-O 12. O-O a6 13. Ne2 Rc8 14. b4 Nh4 15. Nd2 Nf5 16. Bf4 g5 17. Bg3 Nxg3 18. Nxg3 Qe8 19. Rfe1 Bd8 20. Ndf1 f5 21. exf6 Rxf6 22. Nh5 Qxh5 23. Ng3 Qg6 24. Qe2 Bc7 25. Nh5 Rf7 26. Qg4 Nf8 27. Re2 Re8 28. Rae1 Kh7 29. Re3 Rfe7 30. Rf3 Rf7 31. Rh3 e5 32. Ng3 Rf4 33. Qe2 e4 34. Nh5 Rf7 35. Ng3 Qf6 36. f3 Ng6 37. fxe4 Nf4 38. Qg4 Nxh3+ 39. gxh3 Qf2+ 0-1

[Event "2026 Biel Blitz Open"]
[Site "Biel, CH"]
[Date "2026.07.19"]
[Round "3"]
[White "Kwiatkowski, Maciej"]
[Black "Damen, Josephine"]
[Result "1-0"]
[Board "43"]
[TimeControl "180+2"]
[WhiteFideId "1360175"]
[BlackFideId "1074369"]
[WhiteElo "1967"]
[BlackElo "1766"]
[BlackTitle "WCM"]
[WhiteClock "0:01:03"]
[BlackClock "0:00:04"]
[Variant "Standard"]
[EndDate "2026.07.19"]
[EndTime "12:34:57"]

1. e4 e5 2. Nf3 Nc6 3. Bb5 a6 4. Ba4 Nf6 5. O-O Be7 6. Re1 b5 7. Bb3 O-O 8. c3 d5 9. exd5 Nxd5 10. d4 exd4 11. Nxd4 Nxd4 12. Qxd4 Bb7 13. Nd2 Bf6 14. Qg4 Re8 15. Nf3 Rxe1+ 16. Nxe1 Qe7 17. Nf3 Re8 18. Bd2 Qd6 19. h3 g6 20. Ng5 Bg7 21. Qf3 Qf6 22. Bxd5 Bxd5 23. Qxd5 h6 24. Nf3 Rd8 25. Qe4 Kh7 26. Re1 Qd6 27. Bf4 Qb6 1-0

[Event "2026 Biel Blitz Open"]
[Site "Biel, CH"]
[Date "2026.07.19"]
[Round "3"]
[White "Vihaan Dumir"]
[Black "Bujes, Aurelien"]
[Result "1-0"]
[Board "45"]
[TimeControl "180+2"]
[WhiteFideId "25901010"]
[BlackFideId "1347179"]
[WhiteElo "1965"]
[BlackElo "1741"]
[WhiteTitle "CM"]
[WhiteClock "0:00:47"]
[BlackClock "0:01:19"]
[Variant "Standard"]
[EndDate "2026.07.19"]
[EndTime "12:34:46"]

1. e4 d6 2. d4 g6 3. Nc3 Bg7 4. Be3 Nd7 5. Qd2 c5 6. O-O-O cxd4 7. Bxd4 Bxd4 8. Qxd4 Ngf6 9. h4 Qa5 10. f4 Nb6 11. e5 Bg4 12. exf6 Bxd1 13. fxe7 Kxe7 14. Qe3+ Kd7 15. Bb5+ Kd8 16. Qd4 Kc7 17. Kxd1 a6 18. Bd3 Rhe8 19. Nf3 h6 20. Qg7 Re7 21. Qxh6 Rae8 22. Qg5 Kb8 23. Qxa5 1-0

[Event "2026 Biel Blitz Open"]
[Site "Biel, CH"]
[Date "2026.07.19"]
[Round "3"]
[White "Amsellem, Daniel"]
[Black "Floure, Alexan"]
[Result "0-1"]
[Board "46"]
[TimeControl "180+2"]
[WhiteFideId "1363522"]
[BlackFideId "1346610"]
[WhiteElo "1723"]
[BlackElo "1960"]
[WhiteClock "0:00:03"]
[BlackClock "0:00:13"]
[Variant "Standard"]
[EndDate "2026.07.19"]
[EndTime "12:36:12"]

1. c4 e6 2. g3 d5 3. d4 c6 4. Bg2 dxc4 5. a4 Nf6 6. Nf3 Nbd7 7. O-O Bd6 8. Qc2 b5 9. e4 Bc7 10. axb5 cxb5 11. Na3 Rb8 12. Bd2 O-O 13. Rfd1 a6 14. Bb4 Re8 15. d5 a5 16. Bc3 exd5 17. exd5 Ne4 18. Ne5 Nxc3 19. Nc6 Qf6 20. bxc3 Rb6 21. Rab1 Ba6 22. Nxa5 Bd6 23. Nc6 Bxa3 24. Nd4 Bc5 25. Nc6 Ne5 26. Nxe5 Qxe5 27. Rd2 Bb7 28. Rbd1 Bd6 29. f4 Qe3+ 30. Kh1 h6 31. Qc1 Bc8 32. Rd4 Bg4 33. Rf1 0-1

[Event "2026 Biel Blitz Open"]
[Site "Biel, CH"]
[Date "2026.07.19"]
[Round "3"]
[White "Osmani, Xhevdet"]
[Black "Vedant Nayudu"]
[Result "0-1"]
[Board "47"]
[TimeControl "180+2"]
[WhiteFideId "22104569"]
[BlackFideId "33369780"]
[WhiteElo "1959"]
[BlackElo "1732"]
[WhiteClock "0:01:00"]
[BlackClock "0:01:01"]
[Variant "Standard"]
[EndDate "2026.07.19"]
[EndTime "12:37:19"]

1. d4 d5 2. Bf4 c5 3. c3 cxd4 4. cxd4 Nc6 5. e3 Qb6 6. b3 Nf6 7. Nd2 Bf5 8. Ngf3 e6 9. Be2 h6 10. O-O Be7 11. a3 O-O 12. b4 a6 13. Nb3 Ne4 14. Bd3 a5 15. b5 Nc3 16. Qd2 Bxd3 17. Qxd3 Nxb5 18. Rfb1 Qa6 19. Nc5 Bxc5 20. Rxb5 Be7 21. Rab1 Na7 22. R5b3 Qxd3 23. Rxd3 b5 24. Rc3 Rac8 25. Rcb3 b4 26. axb4 Bxb4 27. Ne5 Rc3 28. Nd3 Rxb3 29. Rxb3 Nc6 30. Nb2 Ra8 31. Na4 f6 32. f3 e5 33. dxe5 fxe5 34. Bg3 Kf7 35. Bf2 Ke6 36. Kf1 Rb8 37. Ke2 Bd6 38. Rxb8 Bxb8 39. Be1 Bd6 40. Kd3 Bb4 41. Bg3 g5 42. Bf2 Kd6 43. g3 Ne7 44. h3 Kc6 45. e4 Kb5 46. Nb6 d4 47. Nd7 Bd6 48. Be1 Nc6 49. Nf6 Nb4+ 50. Kd2 Kc4 51. Ne8 Bc5 52. Nc7 Kb3 53. Nb5 a4 54. h4 a3 55. Nxa3 Kxa3 56. hxg5 hxg5 57. Bf2 Nc6 58. Kd3 Kb3 59. Bg1 Nb4 60. Kd2 Kc4 61. Bh2 d3 62. f4 exf4 63. gxf4 gxf4 64. Bxf4 Bd4 65. e5 Bc3+ 66. Ke3 Kd5 67. e6 Kxe6 68. Ke4 Be1 69. Kd4 Kf5 70. Bc1 Kg4 71. Ke3 Bc3 72. Ba3 d2 73. Ke2 Nc2 74. Bc5 Kf4 75. Bf8 Ke4 76. Bh6 Bb4 77. Bxd2 Nd4+ 78. Kd1 Bc5 79. Bc3 Nb5 80. Bg7 Kd3 81. Ke1 Nd6 82. Kf1 Ne4 83. Kg2 Ke2 84. Be5 Ng5 85. Bf4 Ne6 86. Be5 Ke3 87. Bf6 Bd6 88. Bb2 Nf4+ 89. Kf1 Kf3 90. Bc1 Nd3 91. Bd2 Bc5 92. Bc3 Bf2 93. Bd2 Ne5 94. Be1 Be3 95. Bc3 Ng4 96. Ba5 Bf2 97. Bd2 Nh2# 0-1

[Event "2026 Biel Blitz Open"]
[Site "Biel, CH"]
[Date "2026.07.19"]
[Round "3"]
[White "Mousseau, Leo"]
[Black "Ragios, Konstantinos"]
[Result "0-1"]
[Board "48"]
[TimeControl "180+2"]
[WhiteFideId "34666931"]
[BlackFideId "4210484"]
[WhiteElo "1714"]
[BlackElo "1957"]
[WhiteClock "0:00:04"]
[BlackClock "0:00:47"]
[Variant "Standard"]
[EndDate "2026.07.19"]
[EndTime "12:35:07"]

1. e4 e5 2. Nc3 Nc6 3. Bc4 Bb4 4. Qg4 Bxc3 5. Qxg7 Qf6 6. Qxf6 Nxf6 7. bxc3 Nxe4 8. Nf3 d6 9. Bb2 h6 10. O-O Bg4 11. Nh4 Nxd2 12. Bd5 Nxf1 13. Rxf1 Be6 14. Bxc6+ bxc6 15. f4 e4 16. Re1 f5 17. g4 Rg8 18. h3 Kd7 19. Kh2 fxg4 20. f5 g3+ 21. Kg2 Bd5 22. c4 Bxc4 23. Ng6 Bf7 24. Nf4 Bxa2 25. c4 Bxc4 26. Rc1 Bd5 27. Rd1 Rab8 28. Bd4 Rb3 29. Bg1 Rb2+ 30. Kh1 e3+ 0-1

[Event "2026 Biel Blitz Open"]
[Site "Biel, CH"]
[Date "2026.07.19"]
[Round "3"]
[White "Clausen, Martin"]
[Black "Tahari, Youcef Nazim"]
[Result "1-0"]
[Board "49"]
[TimeControl "180+2"]
[WhiteFideId "1314882"]
[BlackFideId "282537"]
[WhiteElo "1956"]
[BlackElo "1691"]
[WhiteClock "0:00:14"]
[BlackClock "0:00:17"]
[Variant "Standard"]
[EndDate "2026.07.19"]
[EndTime "12:29:09"]

1. e4 c5 2. a3 Nc6 3. b4 e6 4. b5 Nb8 5. Bb2 d5 6. e5 d4 7. g3 Qd5 8. Nf3 Nd7 9. Qe2 Nh6 10. Bg2 Ng4 11. O-O Ngxe5 12. Re1 Nxf3+ 13. Bxf3 Qg5 14. d3 Bd6 15. Nd2 Qe7 16. Ne4 Bc7 17. c3 e5 18. cxd4 cxd4 19. a4 O-O 20. Ba3 Qe6 21. Bxf8 Kxf8 22. Qa2 Qe7 23. Rec1 Ba5 24. Nd2 Bc3 25. Rab1 Nc5 26. Ne4 Nxd3 27. Nxc3 Nxc1 28. Rxc1 dxc3 29. Rxc3 Be6 30. Qc2 Rd8 31. Qxh7 f6 32. Kg2 Qd6 33. Qc2 Rd7 34. Rc8+ Kf7 35. Bh5+ Ke7 36. Re8# 1-0